NCAA
SETON HALL PIRATES @ WASHINGTON STATE COUGARS
05/21/2030
 
TOP OF THE 1ST
Seton Hall Pirates batting - Pitching for Washington State Cougars : RHP Ron Durkin
Pitching: RHP Ron Durkin
Batting: RHB Ken Horn 0-0: Ball
1-0: Ball
2-0: Called Strike
2-1: Ball
3-1: Foul Ball, location: 2F
3-2: Foul Ball, location: 2F
3-2: Strikes out looking
Batting: RHB Jake Henshaw 0-0: Called Strike
0-1: Foul Ball, location: 2F
0-2: Foul Ball, location: 2F
0-2: Strikes out looking
Batting: LHB Vernon Riley 0-0: Ball
1-0: Swinging Strike
1-1: Called Strike
1-2: Ground out 6-3 (Groundball, 6)
Top of the 1st over - 0 runs, 0 hits, 0 errors, 0 left on base; Seton Hall 0 - Washington State 0
BOTTOM OF THE 1ST
Washington State Cougars batting - Pitching for Seton Hall Pirates : LHP Andy Fender
Pitching: LHP Andy Fender
Batting: LHB Sergio Molina 0-0: Called Strike
0-1: Ball
1-1: Ball
2-1: Bunted foul
2-2: Foul Ball, location: 2F
2-2: Foul Ball, location: 2F
2-2: Foul Ball, location: 2F
2-2: Foul Ball, location: 2F
2-2: Foul Ball, location: 2F
2-2: Ground out 5-3 (Groundball, 56)
Batting: RHB Riley Lewis 0-0: Ball
1-0: Ball
2-0: Ground out 5-3 (Groundball, 5)
Batting: RHB Jesse Pérez 0-0: Ball
1-0: Ball
2-0: Foul Ball, location: 2F
2-1: Foul Ball, location: 2F
2-2: Foul Ball, location: 2F
2-2: Foul Ball, location: 2F
2-2: Strikes out swinging
Bottom of the 1st over - 0 runs, 0 hits, 0 errors, 0 left on base; Seton Hall 0 - Washington State 0
TOP OF THE 2ND
Seton Hall Pirates batting - Pitching for Washington State Cougars : RHP Ron Durkin
Batting: LHB Turner Burns 0-0: Called Strike
0-1: Ball
1-1: Swinging Strike
1-2: Foul Ball, location: 2F
1-2: Fly out, F8 (Line Drive, 8LS)
Batting: RHB Matt Hidalgo 0-0: Swinging Strike
0-1: Called Strike
0-2: Ball
1-2: Fly out, F8 (Flyball, 8RM)
Batting: RHB Fernando Cuevas 0-0: Called Strike
0-1: Ball
1-1: Swinging Strike
1-2: Foul Ball, location: 2F
1-2: Foul Ball, location: 2F
1-2: Foul Ball, location: 2F
1-2: Ball
2-2: Ground out 6-3 (Groundball, 56)
Top of the 2nd over - 0 runs, 0 hits, 0 errors, 0 left on base; Seton Hall 0 - Washington State 0
BOTTOM OF THE 2ND
Washington State Cougars batting - Pitching for Seton Hall Pirates : LHP Andy Fender
Batting: LHB Bob Hayes 0-0: SINGLE (Groundball, 34D)
Batting: RHB Joe Lowe 0-0: Ball
1-0: Swinging Strike
1-1: Ball
2-1: Foul Ball, location: 2F
2-2: Ball
3-2: Foul Ball, location: 2F
3-2: Base on Balls
Bob Hayes to second
Batting: RHB Ernest Richter 0-0: Foul Ball, location: 2F
0-1: Fly out, F8 (Flyball, 8RD)
Batting: RHB Alfonso Sánchez 0-0: Foul Ball, location: 2F
0-1: Foul Ball, location: 2F
0-2: Foul Ball, location: 2F
0-2: Strikes out swinging
Batting: LHB Andrew Guerrero 0-0: Ball
1-0: Ball
2-0: Foul Ball, location: 2F
2-1: Foul Ball, location: 2F
2-2: Ball
3-2: Strikes out looking
Bottom of the 2nd over - 0 runs, 1 hit, 0 errors, 2 left on base; Seton Hall 0 - Washington State 0
TOP OF THE 3RD
Seton Hall Pirates batting - Pitching for Washington State Cougars : RHP Ron Durkin
Batting: RHB Juan Escobedo 0-0: Ball
1-0: Ball
2-0: DOUBLE (Groundball, 3D)
Batting: SHB Carlos Moreno 0-0: Called Strike
0-1: Ball
1-1: Swinging Strike
1-2: Ground out 6-3 (Groundball, 6)
Batting: RHB Chris Rigney 0-0: Called Strike
0-1: Foul Ball, location: 2F
0-2: Foul Ball, location: 2F
0-2: Ball
1-2: Strikes out swinging
Batting: RHB Ken Horn 0-0: Called Strike
0-1: Foul Ball, location: 2F
0-2: Ball
1-2: Foul Ball, location: 2F
1-2: Ball
2-2: Foul Ball, location: 2F
2-2: Ball
3-2: SINGLE (Groundball, 56D)
Juan Escobedo to third
Juan Escobedo scores
Batting: RHB Jake Henshaw 0-0: Ball
1-0: Called Strike
Ken Horn steals 2nd base
1-1: Foul Ball, location: 2F
1-2: Ball
2-2: Foul Ball, location: 2F
2-2: Ball
3-2: SINGLE (Line Drive, 9LM)
Ken Horn to third
Ken Horn scores
Batting: LHB Vernon Riley 0-0: Called Strike
0-1: Ball
Wild Pitch!
Jake Henshaw to second
1-1: Ball
2-1: Ground out 3-1 (Groundball, 34)
Top of the 3rd over - 2 runs, 3 hits, 0 errors, 1 left on base; Seton Hall 2 - Washington State 0
BOTTOM OF THE 3RD
Washington State Cougars batting - Pitching for Seton Hall Pirates : LHP Andy Fender
Batting: RHB Charlie Owens 0-0: Called Strike
0-1: Foul Ball, location: 2F
0-2: Ball
1-2: Ball
2-2: Foul Ball, location: 2F
2-2: Strikes out looking
Batting: LHB Sergio Molina 0-0: Ball
1-0: Ball
2-0: Ground out 5-3 (Groundball, 5L)
Batting: RHB Riley Lewis 0-0: Ball
1-0: Foul Ball, location: 2F
1-1: Fly out, F6 (Line Drive, 6)
Bottom of the 3rd over - 0 runs, 0 hits, 0 errors, 0 left on base; Seton Hall 2 - Washington State 0
TOP OF THE 4TH
Seton Hall Pirates batting - Pitching for Washington State Cougars : RHP Ron Durkin
Batting: LHB Turner Burns 0-0: Ball
1-0: Ball
2-0: Fly out, F7 (Flyball, 7LSF)
Batting: RHB Matt Hidalgo 0-0: Called Strike
0-1: Called Strike
0-2: Ball
1-2: Foul Ball, location: 2F
1-2: Strikes out looking
Batting: RHB Fernando Cuevas 0-0: Ball
1-0: Called Strike
1-1: Foul Ball, location: 2F
1-2: Ball
2-2: Foul Ball, location: 2F
2-2: Strikes out looking
Top of the 4th over - 0 runs, 0 hits, 0 errors, 0 left on base; Seton Hall 2 - Washington State 0
BOTTOM OF THE 4TH
Washington State Cougars batting - Pitching for Seton Hall Pirates : LHP Andy Fender
Batting: RHB Jesse Pérez 0-0: Ball
1-0: Ball
2-0: Ball
3-0: Base on Balls
Batting: LHB Bob Hayes 0-0: Reached on error, E5 (Groundball, 56)
Jesse Pérez to second
Batting: RHB Joe Lowe 0-0: Ball
1-0: Foul Ball, location: 2F
1-1: Ground out 5-3 (Groundball, 5S)
Jesse Pérez to third
Bob Hayes to second
Batting: RHB Ernest Richter 0-0: Ball
1-0: Called Strike
1-1: Ground out 6-3 (Groundball, 6)
Jesse Pérez scores
Batting: RHB Alfonso Sánchez 0-0: Ball
1-0: Called Strike
1-1: Swinging Strike
1-2: Foul Ball, location: 2F
1-2: Ground out 1-3 (Groundball, 13)
Bottom of the 4th over - 1 run, 0 hits, 1 error, 1 left on base; Seton Hall 2 - Washington State 1
TOP OF THE 5TH
Seton Hall Pirates batting - Pitching for Washington State Cougars : RHP Ron Durkin
Batting: RHB Juan Escobedo 0-0: Foul Ball, location: 2F
0-1: Ball
1-1: Ball
2-1: Ball
3-1: Foul Ball, location: 2F
3-2: Base on Balls
Pitching: RHP Justin Delorme
Batting: SHB Carlos Moreno 0-0: Ball
1-0: Foul Ball, location: 2F
1-1: Ball
2-1: Grounds into double play, 4-6-3 (Groundball, 4M)
Batting: RHB Chris Rigney 0-0: SINGLE (Groundball, 4MD)
Batting: RHB Ken Horn 0-0: Ball
1-0: Ball
2-0: Called Strike
2-1: Foul Ball, location: 2F
2-2: Ground out 4-3 (Groundball, 4)
Top of the 5th over - 0 runs, 1 hit, 0 errors, 1 left on base; Seton Hall 2 - Washington State 1
BOTTOM OF THE 5TH
Washington State Cougars batting - Pitching for Seton Hall Pirates : LHP Andy Fender
Batting: LHB Andrew Guerrero 0-0: Called Strike
0-1: DOUBLE (Flyball, 89D)
Batting: RHB Charlie Owens 0-0: Ball
1-0: Swinging Strike
1-1: Fly out, F3 (Popup, 3D)
Batting: LHB Sergio Molina 0-0: Ball
1-0: Foul Ball, location: 2F
1-1: Ball
2-1: SINGLE (Groundball, 56) (infield hit)
Andrew Guerrero to third
Pitching: LHP John King
Batting: RHB Riley Lewis 0-0: Called Strike
0-1: Ball
1-1: Ball
2-1: Called Strike
2-2: SINGLE (Line Drive, 6M)
Andrew Guerrero scores
Sergio Molina to second
Batting: RHB Jesse Pérez 0-0: Ball
1-0: Swinging Strike
1-1: Ball
2-1: Ball
3-1: Swinging Strike
3-2: Strikes out swinging
Batting: LHB Bob Hayes 0-0: Called Strike
0-1: Ball
1-1: Ground out 2-3 (Groundball, 2L)
Bottom of the 5th over - 1 run, 3 hits, 0 errors, 2 left on base; Seton Hall 2 - Washington State 2
TOP OF THE 6TH
Seton Hall Pirates batting - Pitching for Washington State Cougars : RHP Justin Delorme
Batting: RHB Jake Henshaw 0-0: Called Strike
0-1: Called Strike
0-2: Fly out, F9 (Flyball, 89D)
Batting: LHB Vernon Riley 0-0: Ball
1-0: Called Strike
1-1: Ball
2-1: Foul Ball, location: 2F
2-2: Ball
3-2: Foul Ball, location: 2F
3-2: DOUBLE (Line Drive, 89XD)
Batting: LHB Turner Burns 0-0: Ball
1-0: Ball
2-0: Ball
3-0: Called Strike
3-1: Called Strike
3-2: Foul Ball, location: 2F
3-2: Foul Ball, location: 2F
3-2: Base on Balls
Batting: RHB Matt Hidalgo 0-0: Called Strike
0-1: Swinging Strike
0-2: Ball
1-2: Foul Ball, location: 2F
1-2: Ball
2-2: Fly out, F4 (Line Drive, 34D)
Batting: RHB Fernando Cuevas 0-0: Ball
1-0: Fielders Choice at 2nd, 5-4 (Groundball, 56)
Top of the 6th over - 0 runs, 1 hit, 0 errors, 2 left on base; Seton Hall 2 - Washington State 2
BOTTOM OF THE 6TH
Washington State Cougars batting - Pitching for Seton Hall Pirates : LHP John King
Batting: RHB Joe Lowe 0-0: SINGLE (Flyball, 9S)
Batting: RHB Ernest Richter 0-0: SINGLE (Groundball, 6MD)
Joe Lowe to second
Batting: RHB Alfonso Sánchez 0-0: Foul Ball, location: 2F
0-1: Ball
1-1: Ball
2-1: Ball
3-1: Base on Balls
Joe Lowe to third
Ernest Richter to second
Batting: LHB Andrew Guerrero 0-0: Ball
1-0: Called Strike
1-1: Ball
2-1: Ball
3-1: Swinging Strike
3-2: Base on Balls
Joe Lowe scores
Ernest Richter to third
Alfonso Sánchez to second
Batting: RHB Charlie Owens 0-0: Ball
1-0: Swinging Strike
1-1: Swinging Strike
1-2: Strikes out swinging
Batting: LHB Sergio Molina 0-0: Swinging Strike
0-1: Called Strike
0-2: Fly out, F7 (Flyball, 78D)
Runner from 3rd tags up, SCORES, throw made
Pitching: RHP Juan Bruno
Batting: RHB Riley Lewis 0-0: Called Strike
0-1: Called Strike
0-2: Ball
1-2: Ball
2-2: Foul Ball, location: 2F
2-2: Ball
3-2: Base on Balls
Alfonso Sánchez to third
Andrew Guerrero to second
Batting: RHB Jesse Pérez 0-0: Ball
1-0: Fly out, F9 (Line Drive, 89M)
Bottom of the 6th over - 2 runs, 2 hits, 0 errors, 3 left on base; Seton Hall 2 - Washington State 4
TOP OF THE 7TH
Seton Hall Pirates batting - Pitching for Washington State Cougars : RHP Justin Delorme
Batting: RHB Juan Escobedo 0-0: SINGLE (Flyball, 89S)
Batting: SHB Carlos Moreno 0-0: Ball
1-0: Foul Ball, location: 2F
1-1: Swinging Strike
1-2: Strikes out swinging
Batting: RHB Chris Rigney 0-0: Fly out, F5 (Line Drive, 56)
Batting: RHB Ken Horn 0-0: Called Strike
0-1: Called Strike
0-2: Ball
1-2: Strikes out looking
Top of the 7th over - 0 runs, 1 hit, 0 errors, 1 left on base; Seton Hall 2 - Washington State 4
BOTTOM OF THE 7TH
Washington State Cougars batting - Pitching for Seton Hall Pirates : RHP Juan Bruno
Batting: LHB Bob Hayes 0-0: Ball
1-0: Ball
2-0: Ball
3-0: Base on Balls
Batting: RHB Joe Lowe 0-0: Called Strike
0-1: Ball
1-1: Called Strike
1-2: Ball
2-2: SINGLE (Line Drive, 6MD)
Bob Hayes to second
Batting: RHB Ernest Richter 0-0: Ball
1-0: Ball
2-0: Ball
3-0: Foul Ball, location: 2F
3-1: Base on Balls
Bob Hayes to third
Joe Lowe to second
Pinch Hitting: SHB Jorge Castaneda 0-0: Ball
1-0: Called Strike
1-1: Foul Ball, location: 2F
1-2: SINGLE (Groundball, 6) (infield hit)
Bob Hayes scores
Joe Lowe to third
Ernest Richter to second
Batting: LHB Andrew Guerrero 0-0: Ball
1-0: Ball
2-0: Foul Ball, location: 2F
2-1: Foul Ball, location: 2F
2-2: Strikes out looking
Batting: RHB Charlie Owens 0-0: Ball
Wild Pitch!
Joe Lowe scores
Ernest Richter to third
Jorge Castaneda to second
1-0: Called Strike
1-1: Ball
Wild Pitch!
Ernest Richter scores
Jorge Castaneda to third
2-1: Swinging Strike
2-2: Ball
3-2: Base on Balls
Batting: LHB Sergio Molina 0-0: Called Strike
0-1: Swinging Strike
0-2: Ball
1-2: Ball
2-2: Ball
3-2: Foul Ball, location: 2F
3-2: Base on Balls
Charlie Owens to second
Batting: RHB Riley Lewis 0-0: Ball
1-0: Grounds into fielders choice 5-2 (Groundball, 56S)
Charlie Owens to third
Sergio Molina to second
Batting: RHB Jesse Pérez 0-0: Called Strike
0-1: Swinging Strike
0-2: Ball
1-2: Strikes out swinging
Bottom of the 7th over - 3 runs, 2 hits, 0 errors, 3 left on base; Seton Hall 2 - Washington State 7
TOP OF THE 8TH
Seton Hall Pirates batting - Pitching for Washington State Cougars : RHP Justin Delorme
Now in CF: Jorge Castaneda
Batting: RHB Jake Henshaw 0-0: Ball
1-0: Ground out 3-1 (Groundball, 34)
Batting: LHB Vernon Riley 0-0: Ball
1-0: Called Strike
1-1: Ball
2-1: Ball
3-1: SOLO HOME RUN (Line Drive, 9LD), Distance : 342 ft
Batting: LHB Turner Burns 0-0: Ball
1-0: Foul Ball, location: 2F
1-1: Foul Ball, location: 2F
1-2: SOLO HOME RUN (Flyball, 9LD), Distance : 325 ft
Pitching: RHP Juan Domínguez
Batting: RHB Matt Hidalgo 0-0: Swinging Strike
0-1: Fly out, F9 (Flyball, 9LD)
Batting: RHB Fernando Cuevas 0-0: Ball
1-0: Ball
2-0: Ball
3-0: Called Strike
3-1: Fly out, F9 (Flyball, 9)
Top of the 8th over - 2 runs, 2 hits, 0 errors, 0 left on base; Seton Hall 4 - Washington State 7
BOTTOM OF THE 8TH
Washington State Cougars batting - Pitching for Seton Hall Pirates : RHP Juan Bruno
Pitching: LHP Allen Hernández
Batting: LHB Bob Hayes 0-0: Foul Ball, location: 2F
0-1: Foul Ball, location: 2F
0-2: Ball
1-2: Foul Ball, location: 2F
1-2: Ball
2-2: Fly out, F8 (Flyball, 8LD)
Batting: RHB Joe Lowe 0-0: Called Strike
0-1: Ball
1-1: Ball
2-1: Ball
3-1: SINGLE (Flyball, 89S)
Batting: RHB Ernest Richter 0-0: Ball
1-0: Ball
2-0: Ball
3-0: Called Strike
3-1: Called Strike
3-2: Foul Ball, location: 2F
3-2: Base on Balls
Joe Lowe to second
Batting: SHB Jorge Castaneda 0-0: Ball
1-0: Ball
2-0: Called Strike
2-1: Called Strike
2-2: Strikes out swinging
Batting: LHB Andrew Guerrero 0-0: Fly out, F9 (Flyball, 9S)
Bottom of the 8th over - 0 runs, 1 hit, 0 errors, 2 left on base; Seton Hall 4 - Washington State 7
TOP OF THE 9TH
Seton Hall Pirates batting - Pitching for Washington State Cougars : RHP Juan Domínguez
Batting: RHB Juan Escobedo 0-0: Ball
1-0: Ball
2-0: SINGLE (Line Drive, 7LS)
Batting: SHB Carlos Moreno 0-0: Called Strike
0-1: Ball
1-1: Ball
2-1: Ground out 6-3 (Groundball, 6S)
Juan Escobedo to second
Batting: RHB Chris Rigney 0-0: Ball
1-0: Foul Ball, location: 2F
1-1: Ball
2-1: SINGLE (Groundball, 56D)
Juan Escobedo to third
Batting: RHB Ken Horn 0-0: Called Strike
0-1: Fielders Choice at 2nd, 6-4 (Groundball, 6)
Juan Escobedo scores
Pinch Hitting: RHB Joe Lord 0-0: Called Strike
0-1: Ball
1-1: Foul Ball, location: 2F
1-2: SINGLE (Flyball, 7S)
Ken Horn to second
Batting: LHB Vernon Riley 0-0: Ball
1-0: Ball
2-0: Ball
3-0: Base on Balls
Ken Horn to third
Joe Lord to second
Batting: LHB Turner Burns 0-0: Ball
1-0: Called Strike
1-1: Ball
2-1: Foul Ball, location: 2F
2-2: Ball
3-2: Ground out 6-3 (Groundball, 6M)
Top of the 9th over - 1 run, 3 hits, 0 errors, 3 left on base; Seton Hall 5 - Washington State 7
Saturday, April 7th, 2018 - OOTP Baseball 18.8 Build 76